 Dungeon Crawl Stone Soup version 0.31-a0-1165-g196b491b36 (webtiles) character file.

Game seed: 17091650266310563945

17806 dialectric the Protected (level 12, -2/113 HPs)
             Began as a Minotaur Fighter on Dec 9, 2023.
             Killed by vampiric draining
             ... invoked by a vampire
              (5 damage)
             ... on level 11 of the Dungeon.
             The game lasted 00:18:25 (12200 turns).

dialectric the Protected (Minotaur Fighter)        Turns: 12200, Time: 00:18:25

Health: -2/113     AC: 18    Str: 23    XL:     12   Next: 22%
Magic:  11/11      EV: 15    Int:  5    God:
Gold:   1276       SH:  5    Dex: 13    Spells: 11/11 levels left

rFire   . . .        P - +5 morningstar
rCold   . . .        (no shield)
rNeg    + . .        T - +2 swamp dragon scales
rPois   +            (helmet restricted)
rElec   .            u - +0 cloak
rCorr   +            f - +1 pair of gloves
SInv    .            E - +0 pair of boots
Will    .....        p - amulet of reflection
Stlth   +            j - ring of positive energy
HPRegen 0.38/turn    q - ring of resist corrosion
MPRegen 0.12/turn

%: reflection
@: no status effects
A: horns 2, retaliatory headbutt
a: no special abilities


You were on level 11 of the Dungeon.
You visited 2 branches of the dungeon, and saw 14 of its levels.
You also visited: Sewer.

You collected 1276 gold pieces.

Inventory:

Hand Weapons
 C - a +2 trident of venom
 G - a +2 whip of flaming
 P - a +5 morningstar (weapon)
 W - a +0 demon whip of venom
Missiles
 e - 49 poisoned darts (quivered)
 r - 2 curare-tipped darts
 y - 2 throwing nets
Armour
 b - a +0 scale mail
 c - a +0 buckler
 f - a +1 pair of gloves (worn)
 u - a +0 cloak (worn)
 E - a +0 pair of boots (worn)
 H - a +0 hat
 T - +2 swamp dragon scales (worn)
Jewellery
 j - a ring of positive energy (left hand)
 p - an amulet of reflection (around neck)
 q - a ring of resist corrosion (right hand)
 B - a ring of protection from fire
 N - a +4 ring of protection
 U - a +6 ring of intelligence
Wands
 x - a wand of light (12)
 K - a wand of iceblast (9)
 L - a wand of flame (29)
 O - a wand of paralysis (15)
 R - a wand of polymorph (11)
Scrolls
 h - 8 scrolls of teleportation
 i - a scroll of summoning {unknown}
 v - a scroll of noise
 w - 3 scrolls of amnesia
 z - 4 scrolls of poison
 F - 3 scrolls of immolation {unknown}
 M - a scroll of vulnerability
 Q - a scroll of enchant armour
Potions
 d - a potion of might
 g - 3 potions of degeneration
 k - 2 potions of magic {unknown}
 l - 6 potions of brilliance
 m - 4 potions of curing
 s - a potion of invisibility
 t - 3 potions of enlightenment
 A - 4 potions of attraction
 D - a potion of ambrosia
 I - a potion of lignification {unknown}
 J - a potion of haste {unknown}
 S - a potion of mutation {unknown}
 V - a potion of berserk rage


   Skills:
 + Level 12.4 Fighting
 - Level 8.1 Maces & Flails
 + Level 9.9 Polearms
 + Level 12.5 Armour
 + Level 9.0 Dodging
 - Level 8.0 Shields


You had 11 spell levels left.
You didn't know any spells.
Your spell library contained the following spells:

 Spells                   Type           Power      Damage    Failure   Level
 Magic Dart               Conj           0%         1d3       58%         1
 Blink                    Tloc           0%         N/A       75%         2
 Ensorcelled Hibernation  Hex/Ice        0%         N/A       75%         2
 Jinxbite                 Hex            0%         N/A       75%         2
 Lesser Beckoning         Tloc           0%         N/A       75%         2
 Momentum Strike          Conj/Tloc      0%         3d8       75%         2
 Searing Ray              Conj           0%         2d4       75%         2
 Call Canine Familiar     Summ           0%         N/A       92%         3
 Frozen Ramparts          Ice            0%         1d1       92%         3
 Gell's Gravitas          Tloc           0%         N/A       92%         3
 Ozocubu's Armour         Ice            0%         N/A       92%         3
 Sigil of Binding         Hex            0%         N/A       92%         3
 Summon Guardian Golem    Hex/Summ       0%         N/A       92%         3
 Teleport Other           Tloc           0%         N/A       92%         3
 Anguish                  Hex/Necr       0%         N/A       100%        4
 Dimensional Bullseye     Hex/Tloc       0%         N/A       100%        4
 Fulminant Prism          Conj/Hex       0%         3d5       100%        4
 Leda's Liquefaction      Hex/Erth       0%         N/A       100%        4
 Petrify                  Tmut/Erth      0%         N/A       100%        4
 Metabolic Englaciation   Hex/Ice        0%         N/A       100%        5
 Haunt                    Necr/Summ      0%         N/A       100%        7
 Malign Gateway           Summ/Tloc      0%         N/A       100%        7
 Orb of Destruction       Conj           0%         9d5       100%        7
 Ozocubu's Refrigeration  Ice            0%         4d7       100%        7
 Spellforged Servitor     Conj/Summ      0%         N/A       100%        7
 Borgnjor's Revivificati  Necr           0%         N/A       100%        8
 Summon Horrible Things   Summ           0%         N/A       100%        8
 Death's Door             Necr           0%         N/A       100%        9


Dungeon Overview and Level Annotations

Branches:
Dungeon (12/15)            Temple (0/1) D:4            Lair (0/5) D:11
    Orc (2/2) D:11            Elf (0/3) Orc:2         Sewer (visited)

Altars:
Cheibriados
Elyvilon
Hepliaklqana
Kikubaaqudgha
Sif Muna
Uskayaw
Vehumet
Xom
Yredelemnul

Shops:
D:4 (   Orc:1 [   Orc:2 !=*


Innate Abilities, Weirdness & Mutations

You have a pair of horns on your head.
You reflexively headbutt those who attack you in melee.


Message History

Something draws strength from your injuries!
The boulder beetle barely misses you.
Unknown command.
You hit something but do no damage. You headbutt something.
You block the slime creature's attack. Something draws life force from you.
The boulder beetle bites you but does no damage.
Unknown command.
You barely miss something. Your headbutt misses something.
The slime creature hits you. Something draws life force from you.
The boulder beetle closely misses you.
You barely miss something. The slime creature barely misses you.
Something barely misses you. Something bites you but does no damage.
The boulder beetle leaps!
Unknown command.
Unknown command.
You barely miss something. Your headbutt misses something.
The slime creature hits you. Something barely misses you.
Something closely misses you.
Unknown command.
You barely miss something. The slime creature closely misses you.
Something barely misses you. Something bites you!
* * * LOW HITPOINT WARNING * * *
Something draws strength from your injuries!
You block the slime creature's attack. Something draws life force from you!
* * * LOW HITPOINT WARNING * * *
You thump something! Your headbutt misses something.
Your punch misses something. The slime creature hits you.
* * * LOW HITPOINT WARNING * * *
Something draws life force from you.
* * * LOW HITPOINT WARNING * * *
Unknown command.
You barely miss something. Your headbutt misses something.
The slime creature completely misses you.
You hear some strange, mumbled words.
Something tries to affect you, but you resist.
Unknown command.
You miss something.
The slime creature hits you but does no damage.
Something draws life force from you.
You die...

#.......................
###.#####........##.......
###...#####........##.......
#...#.....#.#...............
#.#...##....................
#.##.....##.###.#####.......
#.##..#...#.###+#####..#.#.#
#.#.......#{##...## #..#.#.#
#.#.#...#BJ@#.....###..#...#
#.#.(.....##.......##..##..#
#.....#..##.........#..#...#
###.......+.........'.......
##...##...........##.....#
####..###.##.......######.##
#.....# #>###...._.# #.#
#.....# ### ##.....# #.#
#.....# ##+..## #.##


You could see a boulder beetle and a slime creature.

Vanquished Creatures
  Gastronok (D:11)
  An ogre mage (Orc:1)
  3 two-headed ogres
  Amaemon (D:10)
  Pikel (D:9)
  An orc sorcerer (Orc:1)
  An orange demon (D:10)
  A gargoyle (D:11)
  Maggie (D:9)
  A kobold demonologist (D:11)
  2 trolls (Orc:1)
  A hornet (D:7)
  Prince Ribbit (D:9)
  A slime creature (D:11)
  A flying skull (D:8)
  2 wyverns
  Sigmund (D:2)
  A shadow (D:11)
  16 yaks
  3 wraiths (D:11)
  Eustachio (D:4)
  A steam dragon (D:7)
  A basilisk (D:11)
  Grum (D:9)
  5 vampire mosquitoes
  3 wargs
  4 water moccasins (D:7)
  An elephant zombie (D:8)
  10 orc warriors
  An ice beast (D:7)
  3 centaurs
  2 ogres (Orc:2)
  4 wolves
  A lemure (D:9)
  A phantom (D:4)
  6 kobold brigands
  An elf zombie (D:8)
  2 scorpions
  3 bullfrogs
  17 killer bees
  4 howler monkeys
  A centaur zombie (D:8)
  3 jellies
  15 orc priests
  A gnoll bouda (D:10)
  4 hounds
  A sleepcap (D:4)
  Jessica (D:3)
  20 orc wizards
  2 scorpion zombies (D:8)
  2 ogre zombies (D:8)
  2 hound zombies (D:8)
  Robin (D:4)
  2 howler monkey zombies (D:8)
  17 adders
  7 gnolls
  A river rat (Sewer)
  A white imp (D:7)
  2 ufetubi (D:7)
  3 adder zombies (D:8)
  2 dart slugs
  5 worms
  43 orcs
  10 endoplasms
  5 giant cockroaches
  17 goblins
  6 hobgoblins
  4 jackals (D:3)
  4 quokkas
  9 ball pythons
  7 bats
  6 frilled lizards
  21 kobolds
  10 rats
348 creatures vanquished.

Notes
Turn   | Place    | Note
-------+----------+-------------------------------------------
     0 | D:1      | dialectric the Minotaur Fighter began the quest for the
                  | Orb.
     0 | D:1      | Reached XP level 1. HP: 19/19 MP: 0/0
   330 | D:1      | Reached XP level 2. HP: 27/27 MP: 1/1
   433 | D:1      | Reached skill level 1 in Dodging
   780 | D:2      | Noticed Sigmund
   870 | D:2      | Reached XP level 3. HP: 33/33 MP: 2/2
   965 | D:2      | Found a hazy altar of Hepliaklqana.
   975 | D:2      | Killed Sigmund
   976 | D:2      | Reached XP level 4. HP: 22/41 MP: 3/3
   976 | D:2      | Reached XP level 5. HP: 25/47 MP: 4/4
  1315 | D:2      | Reached skill level 5 in Fighting
  1315 | D:2      | Reached skill level 5 in Armour
  1439 | D:3      | Found a glowing drain.
  1478 | Sewer    | Entered a sewer
  1523 | Sewer    | Reached XP level 6. HP: 35/56 MP: 5/5
  1882 | Sewer    | Reached skill level 5 in Maces & Flails
  1882 | Sewer    | Reached XP level 7. HP: 40/62 MP: 6/6
  2414 | D:3      | Noticed Jessica
  2418 | D:3      | Killed Jessica
  3257 | D:4      | Found a staircase to the Ecumenical Temple.
  3380 | D:4      | Found Dutupn's Weapon Shoppe.
  3408 | D:4      | Found a basalt altar of Yredelemnul.
  3434 | D:4      | Noticed Robin
  3447 | D:4      | Killed Robin
  3600 | D:4      | Reached XP level 8. HP: 56/71 MP: 7/7
  3602 | D:4      | Reached skill level 5 in Dodging
  3697 | D:4      | Found a shimmering altar of Xom.
  3809 | D:5      | Entered Level 5 of the Dungeon
  3858 | D:5      | Found a shimmering blue altar of Sif Muna.
  4079 | D:5      | Noticed Eustachio
  4288 | D:4      | Killed Eustachio
  4922 | D:7      | Reached skill level 5 in Shields
  4943 | D:7      | Reached skill level 1 in Polearms
  4949 | D:7      | Reached XP level 9. HP: 42/81 MP: 8/8
  5397 | D:7      | Found a white marble altar of Elyvilon.
  5397 | D:7      | Found a hide-covered altar of Uskayaw.
  5408 | D:7      | Paralysed by a hornet for 2 turns
  6773 | D:8      | Found an ancient bone altar of Kikubaaqudgha.
  6957 | D:8      | Reached XP level 10. HP: 62/91 MP: 9/9
  7306 | D:9      | Noticed Grum
  7314 | D:9      | Reached skill level 5 in Polearms
  7468 | D:9      | Killed Grum
  7975 | D:9      | Noticed Prince Ribbit
  7983 | D:9      | Killed Prince Ribbit
  8037 | D:9      | Noticed Pikel
  8050 | D:9      | Killed Pikel
  8051 | D:9      | Reached skill level 10 in Fighting
  8051 | D:9      | Reached skill level 10 in Armour
  8250 | D:9      | Noticed Maggie
  8268 | D:9      | Killed Maggie
  8551 | D:10     | Entered Level 10 of the Dungeon
  8591 | D:10     | Identified the +0 orcbow of Spores {drain, rN+ Str-4 Dex+2}
  8618 | D:10     | Noticed an orange demon
  8634 | D:10     | Killed an orange demon
  8699 | D:10     | Noticed Amaemon
  8724 | D:10     | Killed Amaemon
  8758 | D:10     | Noticed a two-headed ogre
  8764 | D:10     | Killed a two-headed ogre
  8767 | D:10     | Reached XP level 11. HP: 94/101 MP: 10/10
  8802 | D:10     | Noticed a two-headed ogre
  8813 | D:10     | Killed a two-headed ogre
  9500 | D:11     | Noticed Gastronok
  9501 | D:11     | Found a staircase to the Orcish Mines.
  9724 | D:11     | Killed Gastronok
  9879 | D:11     | Noticed a two-headed ogre
  9884 | D:11     | Killed a two-headed ogre
  9985 | D:11     | Found a frozen archway.
 10056 | D:11     | Found a staircase to the Lair.
 10101 | D:11     | Found a snail-covered altar of Cheibriados.
 10639 | Orc:1    | Entered Level 1 of the Orcish Mines
 10639 | Orc:1    | Found a radiant altar of Vehumet.
 10805 | Orc:1    | Noticed an orc sorcerer
 10809 | Orc:1    | Killed an orc sorcerer
 10937 | Orc:1    | Found Fena's Armour Shoppe.
 10964 | Orc:1    | Reached XP level 12. HP: 75/112 MP: 11/11
 11187 | Orc:2    | Entered Level 2 of the Orcish Mines
 11287 | Orc:2    | Found Penn's Practical Paraphernalia.
 11427 | Orc:2    | Found a staircase to the Elven Halls.
 11651 | Orc:2    | Noticed a two-headed ogre
 11651 | Orc:2    | Noticed a two-headed ogre
 11651 | Orc:2    | Noticed an ogre mage
 11651 | Orc:2    | Noticed an ogre mage
 11652 | Orc:2    | Found Yrafof's Jewellery Emporium.
 11652 | Orc:2    | Found Jicred's Distillery.
 11652 | Orc:2    | Noticed an ogre mage
 11652 | Orc:2    | Noticed an ogre mage
 11652 | Orc:2    | Noticed a two-headed ogre
 11653 | Orc:2    | Noticed a two-headed ogre
 11690 | Orc:2    | Paralysed by an ogre mage for 5 turns
 11706 | Orc:1    | Paralysed by something for 3 turns
 11733 | Orc:1    | Killed an ogre mage
 11991 | D:12     | Noticed a boulder beetle
 12198 | D:11     | HP: 3/113 [something (6)]
 12200 | D:11     | Killed from afar by a vampire

Illustrated notes

Levels and vault maps discovered:
D:1:      ebering_hopf_link, layout_loops_ring
D:2:      layout_rooms, basic_altar, minmay_cut_off, uniq_sigmund
D:3:      layout_loops_corners, gup_sewer_entry_glass, due_unseen_surprise,
          uniq_jessica
D:4:      layout_gridville, mainiacjoe_overflow_cross_hatched,
          old_standard_altar, minmay_temple_entry_sparse_star, serial_shops,
          nicolae_shop_bloodbath_and_beyond, uniq_robin
D:5:      layout_basic, mainiacjoe_overflow_brackets, dk_rats_in_the_wall,
          uniq_eustachio
D:6:      cheibrodos_helix_gallery, layout_gridville, makhleb_heckhound_becter,
          ebering_ghost_xom, fountainhead
D:7:      layout_loops_corners, nicolae_overflow_two_pavilions
D:8:      layout_cave_pools, roadster_capsule_ark_zombie
D:9:      layout_cave_pools, nicolae_concentric_dashed_squares_wild, uniq_grum,
          uniq_prince_ribbit1, uniq_maggie, uniq_pikel
D:10:     layout_rooms, uniq_amaemon
D:11:     layout_loops_corners, lair_entry_dummy, erik_orc_4,
          portal_ice_cave_entry_pillars_1, kennysheep_decorative_pillar,
          cheibriados_altar_1, uniq_gastronok
D:12:     layout_rooms, serial_undead, serial_undead_d, serial_undead_a,
          serial_undead_a, serial_undead_d, serial_undead_e, serial_undead_b,
          serial_undead_e, serial_undead_a, serial_undead_c, serial_undead_d
Orc:1:    layout_diamond_mine, basic_altar, serial_shops, shop
Orc:2:    st_orc_ogre_mass, layout_caves, nicolae_alphabet_shops

Skill      XL: |  1  2  3  4  5  6  7  8  9 10 11 12 |
---------------+-------------------------------------+-----
Dodging        | 1 2 3 4 5 6 8 9 |  9.0
Fighting       | 4 5 6 7 9 10 12 | 12.4
Armour         | 4 5 6 7 9 10 12 | 12.5
Maces & Flails | 3 4 5 6 7 8 |  8.1
Shields        | 5 7 8 |  8.0
Polearms       | 1 4 7 9 |  9.9

Action                     |  1- 3 |  4- 6 |  7- 9 | 10-12 || total
---------------------------+-------+-------+-------+-------++-------
  Melee: Flail             |    56 |    91 |   218 |       ||   365
         Headbutt          |     7 |    20 |    82 |   118 ||   227
         Punch             |       |       |     6 |     8 ||    14
         Trident           |       |       |   225 |   464 ||   689
         Whip              |       |       |    30 |       ||    30
         Unarmed           |       |       |       |    10 ||    10
         Morningstar       |       |       |       |    16 ||    16
  Evoke: Wand              |       |       |       |     1 ||     1
    Use: Scroll            |       |     1 |     1 |    16 ||    18
         Potion            |       |       |     3 |     2 ||     5
   Stab: Confused          |       |       |       |     2 ||     2
 Armour: Scale mail        |    50 |    75 |   361 |    72 ||   558
         Swamp dragon scal |       |       |       |   347 ||   347
         Skin              |       |       |       |     8 ||     8
  Dodge: Dodged            |    44 |    48 |   276 |   332 ||   700
  Block: Other             |       |    14 |   101 |    98 ||   213

Table legend: (Time is in decaauts)
 A = Elapsed time spent in this place.
 B = Non-inter-level travel time spent in this place.
 C = Inter-level travel time spent in this place.
 D = Time resting spent in this place.
 E = Time spent auto-exploring this place.
 F = Levels seen in this place.
 G = Mean time per level.
                   A        B        C        D        E       F      G
               +--------+--------+--------+--------+--------+-----+--------+
         Total |  12438 |  12242 |    196 |    894 |   8265 |  15 |  829.2 |
       Dungeon |  10295 |  10125 |    170 |    894 |   6786 |  12 |  857.9 |
  Orcish Mines |   1090 |   1065 |     25 |      0 |    727 |   2 |  545.0 |
         Sewer |   1051 |   1051 |      0 |      0 |    751 |   1 | 1051.0 |
               +--------+--------+--------+--------+--------+-----+--------+

Top non-repeatable levels by time:
    D:11: 1809 daAuts
     D:7: 1755 daAuts
   Sewer: 1051 daAuts
     D:8: 1038 daAuts
     D:9: 1035 daAuts
     D:3: 1020 daAuts
     D:4: 784 daAuts
     D:1: 771 daAuts
    D:10: 714 daAuts
     D:5: 684 daAuts
     D:2: 609 daAuts
   Orc:1: 587 daAuts
   Orc:2: 503 daAuts
     D:6: 54 daAuts
    D:12: 19 daAuts
